Map: Submarine LE

Players

Serral - Winner!

  • Race: Zerg Zerg
  • Spawn Location: 11:00

INnoVation

  • Race: Terran Terran
  • Spawn Location: 5:00

Event: War Chest Team League

VOD

Have the link to the VOD?

Description

Time

  • Played on: Aug. 2, 2020, 5:57 a.m.
  • Length: 17:38

All games in this series

Show
View Real Time Build Order
Export as new Build Order

Serral Zerg - Winner!

Build Orders: Pool First, Swarm Host 

Get SALT Encoding   

  12  0:00  Drone  
  13  0:12  Overlord  
  13  0:17  Drone  
  14  0:31  Drone x2  
  14  0:34  Drone  
  17  0:45  Extractor  
  17  0:46  Drone  
  17  0:50  Spawning Pool  
  17  0:56  Drone  
  17  1:07  Drone  
  18  1:16  Hatchery  
  17  1:21  Drone  
  18  1:36  Queen  
  18  1:37  Zergling x2  
  21  1:44  Metabolic Boost  
  21  1:48  Overlord  
  21  1:52  Drone  
  22  2:07  Zergling x2  
  23  2:11  Zergling x2  
  23  2:12  Queen  
  26  2:22  Drone  
  27  2:28  Queen, Drone  
  30  2:32  Drone  
  31  2:39  Drone  
  32  2:46  Drone x3  
  35  2:51  Overlord  
  35  2:53  Drone  
  36  3:03  Hatchery  
  35  3:10  Queen  
  35  3:12  Drone  
  38  3:15  Drone  
  38  3:17  Drone  
  40  3:20  Drone x2  
  40  3:25  Drone x2  
  44  3:29  Overlord  
  44  3:44  Overlord  
  44  3:48  Drone x3  
  47  3:49  Evolution Chamber, Queen, Drone  
  49  3:55  Drone  
  49  3:56  Drone x2  
  49  3:58  Overlord  
  52  4:03  Drone x2  
  52  4:04  Drone  
  52  4:09  Overlord  
  55  4:14  Queen  
  57  4:17  Zerg Ground Armor Level 1  
  57  4:19  Drone  
  57  4:21  Drone  
  57  4:24  Drone x2  
  61  4:25  Drone  
  61  4:29  Queen  
  64  4:33  Drone x3  
  64  4:36  Overlord  
  67  4:39  Zergling x4  
  67  4:42  Zergling x4  
  71  4:46  Lair  
  71  4:48  Zergling x2  
  71  4:49  Zergling x4  
  74  4:53  Queen  
  74  4:59  Extractor  
  74  5:00  Zergling x6, Baneling Nest  
  74  5:03  Zergling x6  
  74  5:07  Overlord  
  79  5:10  Zergling x8  
  79  5:14  Overlord  
  83  5:18  Overlord  
  83  5:21  Overlord  
  83  5:23  Overlord  
  83  5:25  Drone x2  
  85  5:29  Queen  
  85  5:31  Queen  
  85  5:32  Overlord  
  90  5:35  Zergling x4  
  90  5:37  Drone x2  
  93  5:47  Baneling x7  
  90  5:52  Zergling x16  
  90  5:55  Queen  
  82  6:03  Zergling x10  
  71  6:04  Queen  
  60  6:11  Zergling x4  
  60  6:14  Queen  
  60  6:17  Baneling x5  
  60  6:18  Zergling x2  
  60  6:29  Zergling x8  
  60  6:32  Queen  
  58  6:36  Centrifical Hooks  
  58  6:39  Drone x2  
  62  6:40  Overseer  
  62  6:44  Queen  
  64  6:47  Drone  
  64  6:49  Drone  
  64  6:50  Drone  
  64  6:51  Baneling x2  
  64  6:52  Baneling  
  64  6:53  Baneling  
  67  7:00  Queen  
  69  7:02  Baneling x2  
  69  7:07  Zergling x2  
  69  7:08  Zergling x8  
  70  7:09  Drone  
  70  7:13  Drone x3  
  70  7:15  Drone  
  75  7:21  Drone x4  
  79  7:26  Evolution Chamber  
  78  7:31  Drone x3  
  78  7:32  Drone x3, Extractor  
  83  7:46  Drone x3, Extractor  
  83  7:47  Roach Warren  
  83  7:50  Drone x2, Extractor x2  
  84  7:51  Drone  
  84  7:53  Zerg Missile Weapons Level 1, Zerg Melee Weapons Level 1  
  84  7:56  Drone x4  
  89  8:01  Overlord  
  89  8:02  Drone x3  
  89  8:05  Drone  
  90  8:10  Drone x2  
  91  8:15  Overlord  
  91  8:17  Overlord  
  91  8:18  Drone x3  
  93  8:28  Hatchery  
  92  8:34  Glial Reconstitution  
  92  8:35  Drone x2  
  92  8:40  Roach x3  
  100  8:44  Roach x2  
  100  8:47  Roach x2  
  108  8:52  Overlord  
  108  8:59  Zergling x4, Roach x2  
  108  9:02  Infestation Pit  
  113  9:08  Baneling  
  113  9:09  Baneling x2  
  113  9:14  Drone  
  114  9:17  Spore Crawler  
  114  9:19  Hatchery  
  102  9:26  Zergling x8, Roach x3  
  102  9:27  Zergling x2  
  112  9:42  Swarm Host x10  
  112  9:44  Swarm Host  
  145  9:48  Swarm Host  
  145  9:49  Swarm Host  
  151  9:55  Overlord  
  151  9:56  Ravager x2  
  151  9:57  Ravager x2  
  155  10:01  Zergling x6  
  155  10:02  Zergling x4  
  155  10:04  Zerg Missile Weapons Level 2  
  160  10:11  Zerg Melee Weapons Level 2  
  160  10:14  Overlord x2  
  160  10:16  Ravager  
  160  10:18  Drone x2  
  163  10:27  Ravager x2  
  166  10:28  Drone x2  
  166  10:33  Zergling x12, Extractor  
  166  10:34  Zergling x2  
  173  10:42  Baneling x7  
  171  10:46  Baneling x5  
  171  10:53  Zergling x24  
  177  10:59  Baneling x6  
  177  11:02  Queen  
  180  11:04  Ravager x2  
  180  11:05  Drone  
  180  11:06  Zergling x10  
  187  11:17  Zergling x8  
  191  11:20  Hive  
  191  11:21  Overlord  
  191  11:22  Baneling x7  
  189  11:38  Zergling x16  
  191  11:40  Baneling x13  
  190  11:52  Zergling x2  
  190  11:53  Zergling x24  
  190  11:55  Ravager x3  
  190  11:58  Baneling x4  
  186  12:12  Zergling x14, Baneling x10  
  190  12:17  Baneling x4  
  179  12:27  Zergling x20  
  173  12:41  Zergling x16, Roach x2  
  175  12:44  Zerg Melee Weapons Level 3, Zerg Missile Weapons Level 3  
  175  12:58  Zergling x16  
  183  13:08  Drone x4  
  186  13:17  Adrenal Glands  
  186  13:22  Zergling x16  
  186  13:24  Baneling  
  186  13:25  Baneling x11  
  186  13:26  Ravager x2  
  196  13:33  Zergling x6  
  199  13:36  Baneling x7  
  199  13:37  Hatchery  
  188  13:48  Zergling x2  
  188  13:49  Zergling x16  
  195  14:01  Baneling x12  
  193  14:05  Spore Crawler  
  193  14:08  Drone x2  
  186  14:12  Zergling x18  
  175  14:20  Drone  
  163  14:25  Roach x3  
  163  14:26  Roach x2  
  173  14:35  Baneling x6  
  173  14:41  Drone x3  
  173  14:43  Zergling x8, Roach x2  
  182  14:49  Ravager x2  
  182  14:50  Ravager x3  
  185  15:02  Hatchery  
  181  15:10  Zergling x18  
  177  15:19  Zergling x2, Roach x2  
  165  15:28  Zergling x10, Roach x2  
  160  15:33  Zergling x6, Roach x2  
  150  15:41  Ravager x2  
  147  15:48  Ravager x2  
  147  15:49  Baneling x4  
  149  15:51  Zergling x10, Roach x2  
  158  16:01  Ravager x2  
  158  16:02  Baneling  
  158  16:03  Baneling x8  
  160  16:07  Zergling x10  
  160  16:08  Zergling x2  
  162  16:21  Zergling x14, Roach x2  
  162  16:23  Ravager x2  
  171  16:36  Drone x3  
  171  16:39  Zergling x18  
  172  16:57  Ravager x2  
  172  17:01  Infestor x4  
  175  17:06  Spine Crawler  
  176  17:09  Spine Crawler  
  176  17:10  Drone x5  
  174  17:18  Baneling x6  
Show
View Real Time Build Order
Export as new Build Order

INnoVation Terran 

Build Orders: Reaper Expand, Mech 

Get SALT Encoding   

  12  0:00  SCV  
  13  0:12  SCV  
  14  0:17  Supply Depot  
  14  0:24  SCV  
  15  0:38  SCV  
  15  0:40  Barracks  
  16  0:43  Refinery  
  16  0:50  SCV  
  17  1:02  SCV  
  18  1:14  SCV  
  19  1:27  Reaper, Orbital Command  
  20  1:39  Command Center  
  20  1:51  Barracks  
  20  1:53  SCV  
  21  1:59  Barracks Reactor  
  21  2:05  SCV  
  21  2:08  Supply Depot  
  22  2:17  SCV  
  22  2:19  Refinery  
  23  2:27  Factory  
  23  2:29  SCV  
  24  2:35  Marine x2  
  26  2:39  Barracks Tech Lab  
  26  2:42  SCV  
  27  2:51  Orbital Command  
  27  2:53  Marine x2  
  27  2:54  SCV  
  30  3:00  Stimpack  
  30  3:09  SCV  
  31  3:15  Marine  
  31  3:16  Marine  
  31  3:19  Starport  
  33  3:21  SCV  
  33  3:22  SCV  
  33  3:24  Factory Reactor  
  33  3:26  Marine  
  36  3:33  SCV, Marine  
  38  3:34  SCV  
  38  3:37  Supply Depot  
  38  3:41  Marine  
  38  3:44  Marine  
  38  3:45  SCV  
  38  3:46  SCV  
  42  3:51  Marine  
  42  3:54  Supply Depot  
  43  3:58  SCV x2  
  46  4:03  Hellion x2  
  49  4:13  Medivac  
  49  4:14  Medivac  
  49  4:16  SCV x2, Supply Depot  
  55  4:18  Marine  
  55  4:19  Marine  
  57  4:25  Hellion x2  
  57  4:29  Supply Depot  
  57  4:30  SCV  
  62  4:35  Armory  
  62  4:38  SCV  
  63  4:39  Combat Shield  
  63  4:41  Marine x2  
  65  4:48  Hellion x2  
  65  4:52  Supply Depot  
  69  4:53  SCV x2  
  69  4:56  Medivac  
  73  5:01  Marine x2  
  73  5:03  Supply Depot  
  73  5:06  SCV  
  73  5:07  SCV  
  77  5:13  Hellion x2  
  81  5:18  Marine  
  81  5:19  Marine  
  83  5:24  Terran Vehicle Weapons Level 1  
  83  5:34  Command Center  
  85  5:36  Refinery x2  
  85  5:38  Hellion  
  85  5:39  Hellion  
  87  5:47  SCV x2  
  79  5:59  SCV x2, Hellion  
  79  6:00  Supply Depot, Hellion  
  72  6:12  SCV x2  
  74  6:21  Hellion  
  74  6:22  Hellion  
  74  6:24  Factory  
  74  6:25  Factory  
  78  6:27  SCV x2  
  78  6:37  Armory  
  78  6:41  SCV x2  
  78  6:42  Hellion  
  78  6:43  Hellion  
  78  6:44  Liberator x2  
  90  6:49  Orbital Command  
  90  6:53  Barracks Tech Lab  
  90  6:56  SCV x2  
  90  6:58  Supply Depot  
  84  7:11  SCV x2, Orbital Command  
  84  7:17  Hellion x2  
  84  7:22  Infernal Pre-Igniter  
  88  7:23  SCV, Siege Tank  
  88  7:24  SCV  
  88  7:26  Siege Tank  
  96  7:32  Terran Vehicle And Ship Armor Level 1  
  96  7:36  SCV x2, Refinery  
  98  7:37  Refinery  
  98  7:41  Hellion x2  
  98  7:42  Terran Vehicle Weapons Level 2  
  102  7:45  SCV  
  102  7:48  SCV x2  
  102  7:50  Engineering Bay  
  105  7:51  Supply Depot  
  105  7:52  Supply Depot  
  105  7:58  SCV  
  106  8:00  SCV x2  
  108  8:06  Hellion x2, Siege Tank x2  
  115  8:13  SCV x3  
  115  8:15  Supply Depot  
  115  8:16  Supply Depot  
  115  8:18  Barracks Reactor  
  115  8:19  Factory  
  118  8:20  Factory  
  118  8:28  Hellion x2  
  118  8:34  SCV x3  
  121  8:36  Command Center  
  122  8:44  Siege Tank x2  
  128  8:49  Hellion x2  
  128  8:50  Missile Turret  
  132  8:55  Factory  
  132  8:56  Factory  
  132  8:57  Factory  
  132  9:08  Viking x2  
  136  9:10  Factory Tech Lab  
  136  9:12  Hellion x2  
  136  9:15  Missile Turret  
  136  9:16  Supply Depot  
  136  9:17  Missile Turret  
  140  9:18  Supply Depot  
  132  9:30  Siege Tank  
  132  9:31  Hellion x2, Siege Tank x2  
  141  9:34  Hellion x2  
  146  9:40  Factory Tech Lab  
  146  9:41  Factory Reactor  
  146  9:42  Supply Depot x2, Factory Tech Lab  
  148  9:53  Hellion x2  
  148  9:55  Hellion x2  
  148  9:57  SCV x3  
  157  10:05  Siege Tank x2  
  157  10:06  Siege Tank x2  
  169  10:10  Missile Turret  
  169  10:15  Hellion  
  169  10:16  Hellion x3  
  169  10:19  Smart Servos  
  169  10:20  Mag-Field Accelerator  
  177  10:23  Refinery  
  177  10:24  Planetary Fortress, Refinery  
  175  10:42  Siege Tank x2  
  181  10:43  Hellion x3  
  181  10:44  Hellion x3  
  183  10:57  SCV x3  
  174  11:05  Siege Tank x2  
  174  11:06  Siege Tank  
  174  11:09  SCV x2, Hellion x3  
  190  11:14  Siege Tank  
  193  11:24  Terran Vehicle Weapons Level 3  
  193  11:29  Terran Vehicle And Ship Armor Level 2  
  193  11:32  Siege Tank  
  196  11:33  Hellion x4  
  196  11:37  Hellion x2  
  195  11:45  Liberator x2  
  180  11:59  Supply Depot  
  180  12:01  Supply Depot  
  180  12:02  Supply Depot x2  
  164  12:08  SCV x2  
  164  12:17  Siege Tank  
  164  12:21  SCV, Hellion x3  
  177  12:22  Siege Tank x2  
  177  12:26  Siege Tank x2  
  153  12:30  SCV x2  
  122  12:44  Hellion x2  
  122  12:45  Hellion x4  
  122  12:49  Siege Tank  
  137  12:56  Liberator x2  
  137  13:11  Cyclone x4  
  131  13:14  SCV x3  
  131  13:16  SCV, Hellion x6  
  131  13:23  Hellion x2  
  131  13:25  Hellion  
  131  13:33  Cyclone  
  130  13:43  Cyclone  
  130  13:51  Cyclone x3  
  127  14:01  Hellion x2  
  127  14:02  Hellion x2  
  132  14:05  Cyclone  
  135  14:15  Cyclone  
  122  14:26  Cyclone x3  
  128  14:34  Hellion x6  
  128  14:38  SCV x2, Cyclone  
  131  14:39  Hellion x2  
  134  14:59  Cyclone x2  
  143  15:00  Cyclone  
  104  15:22  Cyclone x2  
  104  15:25  Orbital Command  
  104  15:27  Hellion  
  98  15:31  Cyclone  
  98  15:32  Cyclone  
  94  15:42  Cyclone  
  97  15:46  Hellion x2  
  101  15:54  Hellion  
  100  16:05  Cyclone  
  100  16:06  SCV  
  100  16:07  SCV  
  100  16:10  SCV  
  103  16:26  SCV x3  
  103  16:29  Cyclone x2  
  103  16:31  Hellion  
  112  16:37  Hellion  
  112  16:38  Hellion  
  116  16:42  Refinery  
  112  16:50  Cyclone x2  
  114  16:54  Hellion  
  114  16:57  SCV  
  114  16:59  SCV x2  
  109  17:06  Cyclone  
Tags
 
Add a new tag
Caveats
  • Supply blocks, unpowered buildings, or Contaminate may cause inaccurate times.
  • Supply counts are checked every 10 seconds.